 Dungeon Crawl Stone Soup version 0.31-a0-187-gba352fbbf7 (webtiles) character file.

Game seed: 15299743247837836815

146 qw the Skirmisher (level 5, -3/29 HPs)
             Began as a Deep Elf Hunter on June 22, 2023.
             Slain by a gnoll
             ... wielding a +0 halberd
              (5 damage)
             ... on level 4 of the Dungeon.
             The game lasted 00:01:03 (2797 turns).

qw the Skirmisher (Deep Elf Hunter)                 Turns: 2797, Time: 00:01:03

Health: -3/29      AC:  6    Str: 10    XL:     5   Next: 7%
Magic:  7/7        EV: 11    Int: 14    God:
Gold:   158        SH:  0    Dex: 18    Spells: 4/4 levels left

rFire   . . .        Y - +0 shortbow
rCold   . . .        (shield currently unavailable)
rNeg    . . .        f - +0 ring mail {Will+}
rPois   .            g - +0 helmet
rElec   .            (no cloak)
rCorr   .            (no gloves)
SInv    .            (no boots)
Will    +....        (no amulet)
Stlth   +            (no ring)
HPRegen 0.24/turn    (no ring)
MPRegen 0.10/turn

%: no passive effects
@: no status effects
A: no striking features
a: no special abilities


You were on level 4 of the Dungeon.
You visited 1 branch of the dungeon, and saw 4 of its levels.

You collected 158 gold pieces.


   Skills:
 - Level 1.5 Fighting
 + Level 8.5 Ranged Weapons
 - Level 2.4 Dodging
 - Level 1.2 Stealth


You had 4 spell levels left.
You didn't know any spells.
Your spell library was empty.

Inventory:

Hand Weapons
 Y - a +0 shortbow (weapon)
Armour
 f - a +0 ring mail of willpower (worn)
 g - a +0 helmet (worn)
Scrolls
 a - a scroll of noise {unknown}
 c - a scroll of identify
 h - a scroll of blinking {unknown}
Potions
 b - a potion of might
 d - a potion of mutation {unknown}
 e - a potion of cancellation {unknown}

Dungeon Overview and Level Annotations

Branches:
Dungeon (4/15)
 Temple: D:4-7

Altars:
Nemelex Xobeh


Message History

The arrow hits the gnoll.
The gnoll is lightly wounded.
You shoot an arrow. The arrow hits the gnoll.
The gnoll is lightly wounded.
You shoot an arrow. The arrow hits the gnoll!
The gnoll is almost dead.
You shoot an arrow. The arrow hits the gnoll.
The gnoll is almost dead.
The gnoll completely misses you.
You shoot an arrow. The arrow barely misses the gnoll.
The gnoll hits you but does no damage.
You shoot an arrow. The arrow hits the gnoll.
You kill the gnoll!
The gnoll throws a throwing net.
The throwing net hits you.
You become entangled in the net!
You have reached level 5!
You struggle against the net.
The gnoll closely misses you.
You struggle against the net.
The gnoll hits you from afar with a +0 halberd.
You shred the net and break free! The gnoll barely misses you.
The gnoll hits you from afar with a +0 halberd.
You shoot an arrow. The arrow closely misses the gnoll.
The gnoll barely misses you. The gnoll hits you but does no damage.
You shoot an arrow. The arrow hits the gnoll.
The gnoll is lightly wounded.
The gnoll hits you with a +0 whip. The gnoll closely misses you.
You shoot an arrow. The arrow hits the gnoll.
The gnoll is moderately wounded.
The gnoll closely misses you.
The gnoll hits you from afar with a +0 halberd! x2
The gnoll hits you with a +0 whip.
You shoot an arrow. The arrow hits the gnoll!
The gnoll is almost dead.
The gnoll hits you but does no damage. The gnoll closely misses you.
You shoot an arrow. The arrow hits the gnoll.
You kill the gnoll!
The gnoll hits you from afar with a +0 halberd.
You die...

... #..#.# $..... #..#)#
#.##...... #..#.#
#.#..... ....... #
#.#.... .#... # #.#...
...#####. # # #.#..
#))g..... #
#.#.#.########@###.###
#.#.#.#.................
#.......###########..###
###.#.#....... .# #
#.#.######## # # #.#.# #
#.#.# #
#.#.############# #
#............%..#


You could see a gnoll.

Vanquished Creatures
  A hound (D:4)
  3 adders (D:2)
  2 gnolls (D:4)
  2 worms
  2 dart slugs
  3 orcs (D:3)
  7 endoplasms
  3 giant cockroaches
  10 goblins
  3 hobgoblins
  6 jackals (D:1)
  A quokka (D:2)
  3 ball pythons
  3 bats
  9 frilled lizards
  6 kobolds
  4 rats
68 creatures vanquished.

Notes
Turn   | Place    | Note
-------+----------+-------------------------------------------
     0 | D:1      | qw the Deep Elf Hunter began the quest for the Orb.
     0 | D:1      | Reached XP level 1. HP: 12/12 MP: 3/3
     0 | D:1      | 0 ||| qw: Version: 0.3-a-9-g12657ce
     0 | D:1      | 0 ||| qw: Game counter: 2115
     0 | D:1      | 0 ||| qw: Always use a shield: true
     0 | D:1      | 0 ||| qw: God list: Okawaru
     0 | D:1      | 0 ||| qw: Allow faded altars: false
     0 | D:1      | 0 ||| qw: Do Orc after D:15 true
     0 | D:1      | 0 ||| qw: Do second Lair branch before Depths: true
     0 | D:1      | 0 ||| qw: Lair rune preference: random
     0 | D:1      | 0 ||| qw: Plans: Normal
     0 | D:1      | 0 ||| PLANNING D:1-11
    60 | D:1      | Reached skill level 6 in Ranged Weapons
    60 | D:1      | Reached XP level 2. HP: 16/16 MP: 4/4
   107 | D:1      | 107 ||| FLEEEEING.
   702 | D:1      | Reached XP level 3. HP: 15/20 MP: 5/5
   893 | D:1      | 893 ||| UPGRADING to +0 helmet.
   898 | D:1      | 898 ||| UPGRADING to +0 ring mail.
   908 | D:1      | 908 ||| DROPPING +0 leather armour.
   909 | D:1      | 909 ||| READING scroll labelled FELOQA PURIF.
   910 | D:1      | 910 ||| READING scroll labelled TIHU XEIPSOXY.
   911 | D:1      | 911 ||| READING scroll labelled HUKOS HOJ AKK.
   912 | D:1      | 912 ||| DROPPING scroll of butterflies.
   914 | D:1      | 914 ||| Stepping ~*~*~tactically~*~*~ (cloud).
   922 | D:1      | HP: 5/20 [poisoned by you (poison gas)]
  1032 | D:2      | 1032 ||| FLEEEEING.
  1163 | D:2      | Reached skill level 7 in Ranged Weapons
  1219 | D:2      | 1219 ||| FLEEEEING.
  1220 | D:2      | 1220 ||| FLEEEEING.
  1221 | D:2      | 1221 ||| FLEEEEING.
  1222 | D:2      | 1222 ||| FLEEEEING.
  1223 | D:2      | 1223 ||| FLEEEEING.
  1224 | D:2      | 1224 ||| FLEEEEING.
  1225 | D:2      | 1225 ||| FLEEEEING.
  1226 | D:2      | 1226 ||| FLEEEEING.
  1227 | D:2      | 1227 ||| FLEEEEING.
  1228 | D:2      | 1228 ||| FLEEEEING.
  1229 | D:2      | 1229 ||| FLEEEEING.
  1230 | D:2      | 1230 ||| FLEEEEING.
  1231 | D:2      | 1231 ||| FLEEEEING.
  1232 | D:2      | 1232 ||| FLEEEEING.
  1233 | D:2      | 1233 ||| FLEEEEING.
  1234 | D:2      | 1234 ||| FLEEEEING.
  1235 | D:2      | 1235 ||| FLEEEEING.
  1236 | D:2      | 1236 ||| FLEEEEING.
  1237 | D:2      | 1237 ||| FLEEEEING.
  1238 | D:2      | 1238 ||| FLEEEEING.
  1239 | D:2      | 1239 ||| FLEEEEING.
  1553 | D:2      | Reached XP level 4. HP: 22/25 MP: 6/6
  1708 | D:2      | 1708 ||| READING scroll labelled WYETZO SIACIYC.
  1711 | D:2      | 1711 ||| READING scroll labelled PUKHOT FYAGREXOFI.
  1787 | D:3      | 1787 ||| FLEEEEING.
  1974 | D:3      | Found a sparkling altar of Nemelex Xobeh.
  2034 | D:3      | Identified the +6 long sword of the Howling One {freeze,
                  | Fly rF+ rC+}
  2330 | D:3      | Reached skill level 8 in Ranged Weapons
  2507 | D:3      | 2507 ||| UPGRADING to +0 ring mail of willpower.
  2517 | D:3      | 2517 ||| DROPPING +0 ring mail.
  2518 | D:3      | 2518 ||| READING scroll labelled WOAMMU JAFU.
  2519 | D:3      | 2519 ||| READING 2 scrolls labelled EWKYLA ZEOT.
  2520 | D:3      | 2520 ||| READING 2 scrolls of identify.
  2520 | D:3      | 2520 ||| IDENTIFYING bubbling purple potion
  2521 | D:3      | 2521 ||| DROPPING scroll of summoning.
  2790 | D:4      | Reached XP level 5. HP: 29/29 MP: 7/7
  2795 | D:4      | HP: 4/29 [gnoll/+0 halberd (7)]
  2795 | D:4      | HP: 1/29 [gnoll/+0 whip (3)]
  2797 | D:4      | Slain by a gnoll

Levels and vault maps discovered:
D:1:      amcnicky_arrival_choice, layout_basic, hangedman_abyss_or_decor_stabs
D:2:      layout_basic
D:3:      layout_loops_ring, nemelex_xobeh_ov_fountains_minmay,
          kennysheep_small_spiral, minmay_quantized
D:4:      layout_basic, hex_tiny, uniq_duvessa

Skill      XL: |  1  2  3  4 |
---------------+-------------+-----
Ranged Weapons | 6 7 8 |  8.5
Fighting       | |  1.5
Dodging        | |  2.4
Stealth        | |  1.2

Action                     |  1- 3 |  4- 6 || total
---------------------------+-------+-------++-------
   Fire: Shortbow          |   119 |    64 ||   183
    Use: Scroll            |     3 |     5 ||     8
 Armour: Leather armour    |     7 |       ||     7
         Ring mail         |     7 |     5 ||    12
  Dodge: Dodged            |    27 |    11 ||    38

Table legend:
 A = Non-vault XP
 B = Vault XP
 C = Vault XP percentage of total XP
 D = Non-vault monster count
 E = Vault monster count
 F = Vault count percentage of total count
                 A         B        C        D         E       F
            +---------+---------+-------+---------+---------+-------
      Total |     220 |       4 |   1.8 |      65 |       3 |   4.4
            +---------+---------+-------+---------+---------+-------
        D:1 |      43 |       0 |   0.0 |      25 |       0 |   0.0
        D:2 |      62 |       0 |   0.0 |      15 |       0 |   0.0
        D:3 |      43 |       4 |   8.5 |      20 |       3 |  13.0
        D:4 |      72 |       0 |   0.0 |       5 |       0 |   0.0
            +---------+---------+-------+---------+---------+-------
